 Dungeon Crawl Stone Soup version 0.26.1-2-gb8aa6d0cf2 (webtiles) character file.

Game seed: 15736789555454533005

180272 nightchill the Bludgeoner (level 18, -2/120 HPs)
             Began as a Gargoyle Fighter on Mar 1, 2021.
             Was a High Priest of Okawaru.
             Slain by an alligator snapping turtle (30 damage)
             ... on level 2 of the Shoals on Mar 2, 2021.
             The game lasted 01:55:50 (37230 turns).

nightchill the Bludgeoner (Gargoyle Fighter)       Turns: 37230, Time: 01:55:50

Health: -2/120     AC: 33    Str: 27    XL:     18   Next: 26%
Magic:  25/27      EV:  8    Int: 17    God:    Okawaru [*****.]
Gold:   3339       SH: 15    Dex:  9    Spells: 18/23 levels left

rFire    + . .     SeeInvis +   b - +2 eveningstar (protect)
rCold    + + .     Faith    +   c - +0 kite shield
rNeg     + . .     Spirit   .   V - +0 scale mail {rC+}
rPois    ∞         Reflect  .   s - +1 helmet {SInv}
rElec    +         Harm     .   I - +2 cloak
rCorr    .         Rampage  .   P - +1 pair of gloves {archery}
Will     ++...                  (no boots)
Stlth    +.........             W - amulet of faith
HPRegen  0.30/turn              j - ring "Qedghuumu" {rF+ EV-4 Str+7} (curse)
MPRegen  0.20/turn              n - ring of Gasoatu {rC+ Will+ Slay+5}

@: heroism, mesmerised
A: big wings, negative energy resistance 1, electricity resistance, unbreathing,
petrification resistance, miasma immunity, AC +13
a: Fly, Renounce Religion, Heroism, Finesse


You were on level 2 of the Shoals.
You worshipped Okawaru.
Okawaru was extremely pleased with you.
You visited 6 branches of the dungeon, and saw 29 of its levels.
You also visited: Gauntlet and Ice Cave.

You collected 3749 gold pieces.
You spent 410 gold pieces at shops.

Inventory:

Hand Weapons
 a - a +2 whip of electrocution
 b - a +2 eveningstar of protection (weapon)
Missiles
 h - 5 atropa-tipped darts
 T - 3 throwing nets (quivered)
 U - 6 boomerangs of dispersal
 Z - 2 curare-tipped darts
Armour
 c - a +0 kite shield (worn)
 s - a +1 helmet of see invisible (worn)
 I - a +2 cloak (worn)
 P - a +1 pair of gloves of archery (worn)
 V - a +0 scale mail of cold resistance (worn)
Jewellery
 j - the cursed ring "Qedghuumu" (left hand) {rF+ EV-4 Str+7}
   (You found it on level 1 of the Shoals)

   [ring of evasion]

   It affects your evasion (-4).
   It affects your strength (+7).
   It protects you from fire.
   It has a curse placed upon it.
 n - the ring of Gasoatu (right hand) {rC+ Will+ Slay+5}
   (You acquired it on level 6 of the Lair of Beasts)

   [ring of protection from cold]

   It affects your accuracy and damage with ranged weapons and melee attacks
   (+5).
   It protects you from cold.
   It affects your willpower, your defense against some magical effects.
 A - an uncursed ring of positive energy
 L - an uncursed ring of protection from cold
 M - an uncursed ring of fire
 Q - an uncursed amulet of magic regeneration {unknown}
 W - an amulet of faith (around neck)
Wands
 o - a wand of enslavement (18)
 q - a wand of polymorph (31)
 C - a wand of acid (6)
 D - a wand of paralysis (21)
 J - a wand of digging (12)
 O - a wand of iceblast (18)
 S - a wand of disintegration (19)
Scrolls
 f - 8 scrolls of teleportation
 m - 13 scrolls of remove curse
 p - a scroll of silence
 y - a scroll of summoning
 E - 3 scrolls of immolation
 K - a scroll of holy word {unknown}
Potions
 d - 2 potions of might
 k - 7 potions of curing
 l - 3 potions of berserk rage {unknown}
 r - a potion of magic
 u - a potion of invisibility
 x - 6 potions of mutation
 z - 6 potions of heal wounds
 B - 4 potions of ambrosia
 F - 3 potions of haste
 H - 2 potions of lignification
 N - a potion of cancellation
Miscellaneous
 w - a condenser vane
 X - a phantom mirror


   Skills:
 + Level 15.9(20.9) Fighting
 - Level 16.0(21.0) Maces & Flails
 - Level 12.0(17.0) Armour
 + Level 12.5(17.5) Shields
 + Level 3.0 Spellcasting
 * Level 5.5 Conjurations
 - Level 7.0 Translocations
 - Level 4.3 Air Magic
 * Level 5.1 Poison Magic
 - Level 12.0 Invocations


You had 18 spell levels left.
You knew the following spells:

 Your Spells              Type           Power        Failure   Level
a - Blink                 Tloc           N/A          2%          2
b - Mephitic Cloud        Conj/Pois/Air  19%          11%         3

Your spell library contained the following spells:

 Spells                   Type           Power        Failure   Level
 Apportation              Tloc           52%          1%          1
 Magic Dart               Conj           84%          3%          1
 Shock                    Conj/Air       76%          3%          1
 Gell's Gravitas          Tloc           13%          4%          3
 Swiftness                Air            17%          8%          2
 Static Discharge         Conj/Air       19%          12%         3
 Animate Skeleton         Necr           4%           28%         1
 Corona                   Hex            2%           28%         1
 Sandblast                Erth           4%           28%         1
 Summon Small Mammal      Summ           8%           28%         1
 Conjure Flame            Conj/Fire      12%          28%         3
 Dazzling Flash           Conj/Hex       24%          28%         3
 Stone Arrow              Conj/Erth      24%          28%         3
 Call Imp                 Summ           2%           41%         2
 Ensorcelled Hibernation  Hex/Ice        4%           41%         2
 Passwall                 Tmut/Erth      1%           41%         2
 Slow                     Hex            2%           41%         2
 Airstrike                Air            8%           43%         4
 Confusing Touch          Hex            2%           65%         3
 Tukima's Dance           Hex            2%           65%         3
 Lightning Bolt           Conj/Air       9%           71%         5
 Petrify                  Tmut/Erth      2%           96%         4
 Lee's Rapid Deconstruct  Erth           1%           100%        5
 Metabolic Englaciation   Hex/Ice        1%           100%        5
 Yara's Violent Unravell  Hex/Tmut       1%           100%        5


Dungeon Overview and Level Annotations

Branches:
Dungeon (15/15)            Temple (1/1) D:6            Lair (6/6) D:11
 Shoals (2/4) Lair:3        Snake (3/4) Lair:4        Slime (0/5) Lair:6
    Orc (2/2) D:11            Elf (0/3) Orc:2        Vaults (0/5) D:14
 Depths (0/5) D:15          IceCv (visited)         Gauntlet (visited)

Altars:
Ashenzari
Cheibriados
Dithmenos
Elyvilon
Fedhas
Gozag
Hepliaklqana
Kikubaaqudgha
Makhleb
Nemelex Xobeh
Okawaru
Qazlal
Ru
Sif Muna
Trog
Uskayaw
Vehumet
Wu Jian
Xom
Yredelemnul
Zin
The Shining One
Beogh

Shops:
D:9 =   Orc:2 ![(?   Shoals:1 }

Annotations:
D:2 exclusion: downstairs
D:9 exclusion: downstairs
D:14 1 runed translucent door, Qymaymp's ghost, adept GrEE; Roxanne
D:15 2 transporters, Wiosiow's ghost, adept HaHu
Lair:1 exclusion: oklob plant
Lair:6 careful
Snake:1 exclusion: downstairs
Snake:2 !horrible entrance constrict
Orc:1 2 runed translucent doors, exclusion: orange crystal statue


Innate Abilities, Weirdness & Mutations

You are resistant to torment.
Your stone body is resilient. (AC +13)
You are immune to poison.
Your large and strong wings let you fly indefinitely.
You resist negative energy. (rN+)
You are resistant to electric shocks. (rElec)
You can survive without breathing.
You are immune to petrification.
You are immune to miasma.


Message History

You block the water moccasin's attack.
The alligator snapping turtle barely misses you. x2
Found a scroll of remove curse.
The bat barely misses you.
You block the alligator snapping turtle's attack.
The merfolk avatar chants its luring song.
You block the alligator snapping turtle's attack. x2
A bat comes into view.
The sea snake hisses angrily.
The bat closely misses you.
An alligator snapping turtle comes into view.
The merfolk avatar chants its luring song.
There is a stone staircase leading up here.
You barely miss the merfolk avatar.
The alligator snapping turtle hisses angrily.
You block the bat's attack. The bat hits you but does no damage.
The alligator snapping turtle bites you from afar!!
* * * LOW HITPOINT WARNING * * *
The alligator snapping turtle bites you from afar!!
You die...

≈≈≈≈≈≈≈t....≈≈≈
≈≈≈≈≈≈≈≈≈....≈≈P
≈≈≈≈≈≈≈≈≈≈..?≈≈≈≈
≈≈≈≈≈≈b≈≈S...≈≈≈≈
≈≈.≈≈≈≈≈≈≈...≈...≈
≈...≈≈≈≈≈>......≈≈
≈....≈m≈........≈≈
≈......@b...# ...≈
≈≈...≈.S.S.##....≈
≈≈≈≈≈≈ttt........≈
≈≈≈≈≈≈..†.....≈.≈≈
≈≈≈≈≈...<....≈≈≈≈≈
≈≈≈≈≈..)....≈≈≈≈≈≈
≈≈≈≈..##........≈≈
≈≈≈..# #.........≈
≈≈.. ..........≈


You could see 4 alligator snapping turtles, a merfolk avatar (mesmerising), a
sea snake, 2 water moccasins and 2 bats.

Vanquished Creatures
  Saint Roka (Orc:2)
  Nikola (Snake:1)
  An Ice Fiend (IceCv)
  Jorgrun (D:15)
  Frances (Shoals:1)
  An orc warlord (D:11)
  An ironheart preserver (D:14)
  The ghost of StoneSoupSpirit the Cleaver, a journeyman DsCK of Xom (Orc:2)
  Azrael (Snake:1)
  Harold (Lair:1)
  Josephine (D:10)
  A merfolk impaler (Shoals:1)
  5 naga warriors
  An ogre mage (D:15)
  13 hydras
  3 boulder beetles
  2 centaur warriors
  6 anacondas
  9 two-headed ogres
  2 tengu warriors (D:14)
  2 naga sharpshooters (Snake:1)
  14 spriggans
  A shock serpent (Snake:1)
  The ghost of kthxbai the Conjurer, a novice DsCj (D:8)
  An unseen horror (D:10)
  6 sea snakes (Shoals:1)
  4 naga ritualists (Snake:1)
  3 wizards (D:15)
  A necromancer (D:15)
  7 harpies (Shoals:1)
  5 ugly things
  6 manticores
  4 deep elf magi
  2 orc sorcerers (D:15)
  2 cyclopes
  A manticore (shapeshifter) (D:12)
  6 mana vipers (Snake:1)
  5 salamanders
  22 black mambas
  12 elephants
  2 merfolk sirens
  A water nymph (Shoals:1)
  A gargoyle (D:14)
  Psyche (D:9)
  A torpor snail (Lair:4)
  3 ice statues
  7 naga magi
  12 cane toads
  2 rime drakes
  2 efreet (D:14)
  A kobold demonologist (D:13)
  6 ice devils (IceCv)
  7 komodo dragons
  2 golden dragon simulacra (IceCv)
  2 tengu conjurers (D:14)
  3 freezing wraiths (IceCv)
  3 anaconda simulacra (IceCv)
  2 merfolk (Shoals:1)
  12 trolls
  6 polar bears
  2 wind drakes
  7 blink frogs
  4 hornets
  10 dream sheep
  7 slime creatures (D:13)
  3 snapping turtles (Shoals:1)
  A vampire (D:15)
  2 water elementals (Shoals:1)
  14 wraiths
  5 wyverns
  50 yaks
  A yak (shapeshifter) (D:15)
  2 dire elephant simulacra (IceCv)
  5 basilisks
  2 fire elementals (Snake:1)
  3 vampire mosquitoes (D:13)
  A basilisk (shapeshifter) (D:13)
  A death yak simulacrum (IceCv)
  4 iron troll simulacra (IceCv)
  4 wargs
  2 harpy simulacra (IceCv)
  13 nagas
  2 soldier ants (D:14)
  3 acid dragons
  2 hydra simulacra (IceCv)
  26 water moccasins
  3 hell hounds (Snake:1)
  35 orc warriors
  3 sky beasts
  An ice beast (D:8)
  6 black bears
  An alligator simulacrum (IceCv)
  5 phantoms
  15 ogres
  2 necrophages
  5 boggarts (Lair:6)
  18 wolves
  6 centaurs
  A spectral cyclops (Orc:2)
  4 big kobolds
  19 bullfrogs
  A spectral warg (Orc:2)
  10 scorpions
  A wyvern skeleton (D:14)
  An elephant simulacrum (IceCv)
  An orc simulacrum (Orc:2)
  11 wights
  9 killer bees
  A spectral ogre (Orc:2)
  6 electric eels
  A howler monkey (D:10)
  A crimson imp (D:12)
  2 centaur zombies
  5 draconian simulacra (IceCv)
  4 jellies
  4 quasits
  4 bullfrog zombies
  4 hounds
  21 orc priests
  2 bullfrog skeletons
  8 centaur skeletons
  8 iguanas
  A warg simulacrum (Orc:2)
  31 orc wizards
  2 spriggan simulacra (IceCv)
  6 worker ants
  2 troll simulacra (IceCv)
  2 wolf simulacra (IceCv)
  A centaur simulacrum (IceCv)
  A hound zombie (D:9)
  A hound skeleton (D:7)
  Robin (D:2)
  14 gnolls
  An ogre simulacrum (Orc:2)
  12 adders
  2 naga simulacra (IceCv)
  2 shadow imps
  5 white imps
  5 ufetubi
  An ooze (D:2)
  2 adder zombies
  3 adder skeletons
  3 worms
  3 dart slugs (D:1)
  4 leopard geckos
  113 orcs
  2 bats (D:2)
  3 giant cockroaches
  34 goblins
  27 hobgoblins
  23 jackals
  18 kobolds
  7 quokkas
  A ball python (D:1)
  A ball python skeleton (D:4)
  4 frilled lizards
  A jackal skeleton (D:7)
  8 rats
986 creatures vanquished.

Vanquished Creatures (others)
  A white imp (IceCv)
  2 ufetubi (IceCv)
  An orc (D:10)
  24 fungi
  103 plants
131 creatures vanquished.

Grand Total: 1117 creatures vanquished

Notes
Turn   | Place    | Note
-------+----------+-------------------------------------------
     0 | D:1      | nightchill the Gargoyle Fighter began the quest for the
                  | Orb.
     0 | D:1      | Reached XP level 1. HP: 14/14 MP: 1/1
    26 | D:1      | Reached XP level 2. HP: 19/19 MP: 2/2
   263 | D:1      | Reached skill level 3 in Maces & Flails
   293 | D:1      | Reached XP level 3. HP: 24/24 MP: 3/3
   630 | D:2      | Noticed Robin
   778 | D:2      | Killed Robin
  1209 | D:2      | Reached XP level 4. HP: 18/29 MP: 4/4
  1534 | D:2      | Found an ornate altar of the Wu Jian Council.
  2024 | D:3      | Reached skill level 4 in Maces & Flails
  2263 | D:3      | Reached XP level 5. HP: 34/34 MP: 5/5
  2703 | D:3      | Reached skill level 5 in Maces & Flails
  2796 | D:4      | Noticed a phantom
  2830 | D:4      | Killed a phantom
  2831 | D:4      | Reached skill level 5 in Fighting
  2831 | D:4      | Reached XP level 6. HP: 40/40 MP: 6/6
  2930 | D:4      | Found a blossoming altar of Fedhas.
  3236 | D:4      | Reached skill level 6 in Maces & Flails
  3339 | D:4      | Reached XP level 7. HP: 43/44 MP: 7/7
  3921 | D:4      | Reached skill level 7 in Maces & Flails
  4683 | D:5      | Entered Level 5 of the Dungeon
  4971 | D:5      | Reached XP level 8. HP: 49/52 MP: 8/8
  5959 | D:6      | Reached skill level 8 in Maces & Flails
  6300 | D:6      | Found a staircase to the Ecumenical Temple.
  6321 | Temple   | Entered the Ecumenical Temple
  6434 | Temple   | Became a worshipper of Warmaster Okawaru
  6668 | D:6      | Reached skill level 1 in Invocations
  6716 | D:6      | Reached skill level 9 in Maces & Flails
  6900 | D:6      | Reached XP level 9. HP: 31/58 MP: 10/10
  7447 | D:7      | Noticed a hornet
  7456 | D:7      | Killed a hornet
  7456 | D:7      | Reached * piety under Okawaru
  7796 | D:7      | Reached skill level 10 in Maces & Flails
  8119 | D:8      | Reached ** piety under Okawaru
  8549 | D:8      | Found a runed translucent door.
  8551 | D:8      | Noticed kthxbai's ghost (novice DsCj)
  8582 | D:8      | Killed kthxbai's ghost
  8583 | D:8      | Reached skill level 5 in Invocations
  8583 | D:8      | Reached XP level 10. HP: 49/65 MP: 13/13
  8931 | D:8      | Reached skill level 11 in Maces & Flails
  9424 | D:9      | Noticed Psyche
  9432 | D:9      | Killed Psyche
  9981 | D:9      | Reached *** piety under Okawaru
 10158 | D:9      | Noticed a two-headed ogre
 10166 | D:9      | Killed a two-headed ogre
 10394 | D:9      | Found Ukhlog's Jewellery Boutique.
 10475 | D:10     | Entered Level 10 of the Dungeon
 10525 | D:10     | Killed an unseen horror
 10525 | D:10     | Reached **** piety under Okawaru
 10526 | D:10     | Reached skill level 12 in Maces & Flails
 10742 | D:10     | Reached skill level 10 in Fighting
 10965 | D:10     | Reached XP level 11. HP: 68/72 MP: 16/16
 11163 | D:10     | Noticed Josephine
 11180 | D:10     | Killed Josephine
 11805 | D:10     | Reached ***** piety under Okawaru
 12159 | D:11     | Found a staircase to the Orcish Mines.
 12295 | D:11     | Reached skill level 13 in Maces & Flails
 12375 | D:11     | Noticed a two-headed ogre
 12393 | D:11     | Killed a two-headed ogre
 12815 | D:11     | Found a staircase to the Lair.
 12919 | D:11     | Received a gift from Okawaru
 12927 | D:11     | Reached XP level 12. HP: 74/80 MP: 16/18
 12950 | D:11     | Got a smoking quarterstaff {god gift}
 13250 | Lair:1   | Entered Level 1 of the Lair of Beasts
 13657 | Lair:1   | Noticed Harold
 13684 | Lair:1   | Killed Harold
 13685 | Lair:1   | Reached skill level 14 in Maces & Flails
 14541 | Lair:2   | Found a gate leading to a gauntlet.
 14550 | Gauntlet | Entered a Gauntlet
 14550 | Gauntlet | Found a transporter.
 14550 | Gauntlet | Noticed a tengu warrior
 14558 | Gauntlet | Found a transporter.
 14560 | Gauntlet | Found a transporter.
 14561 | Gauntlet | Found a transporter.
 14569 | Gauntlet | Found a transporter.
 14572 | Gauntlet | Found a transporter.
 14573 | Gauntlet | Found a transporter.
 14584 | Gauntlet | Found a transporter.
 14584 | Gauntlet | Found a transporter.
 14585 | Gauntlet | Found a transporter.
 14587 | Gauntlet | Noticed a death yak
 14587 | Gauntlet | Noticed a death yak
 14587 | Gauntlet | Noticed a death yak
 14587 | Gauntlet | Noticed a death yak
 14593 | Gauntlet | Found a transporter.
 14596 | Gauntlet | Found a transporter.
 14597 | Gauntlet | Found a transporter.
 14610 | Gauntlet | Found a transporter.
 14610 | Gauntlet | Noticed a balrug
 15284 | Lair:2   | Noticed a five-headed hydra
 15303 | Lair:1   | Reached ****** piety under Okawaru
 15325 | Lair:2   | Killed a five-headed hydra
 15325 | Lair:2   | Received a gift from Okawaru
 15421 | Lair:2   | Reached skill level 5 in Armour
 15441 | Lair:2   | Reached skill level 5 in Shields
 15461 | Lair:2   | Reached skill level 10 in Invocations
 16241 | Lair:3   | Found a staircase to the Shoals.
 16374 | Lair:3   | You fall into a shaft and drop 3 floors!
 16374 | Lair:6   | Entered Level 6 of the Lair of Beasts
 16375 | Lair:6   | Found a staircase to the Slime Pits.
 16427 | Lair:6   | Reached XP level 13. HP: 71/87 MP: 18/20
 16693 | Lair:6   | Received a gift from Okawaru
 17382 | Lair:3   | Received a gift from Okawaru
 17860 | Lair:3   | Identified the +4 quarterstaff "Venkirr" {vorpal, rC+ rN+}
                  | (Okawaru gifted it to you on level 11 of the Dungeon)
 18195 | Lair:4   | Found a staircase to the Snake Pit.
 18509 | Lair:4   | Identified the +5 helmet "Piemukk" {rC+} (You found it on
                  | level 4 of the Lair of Beasts)
 18576 | Lair:4   | Identified the cursed +0 rapier "Foatigir" {elec, *Contam
                  | Str-5 Int+9 Dex+2} (You found it on level 4 of the Lair of
                  | Beasts)
 18691 | Lair:4   | Received a gift from Okawaru
 19341 | Lair:5   | Gained mutation: Your large and strong wings let you fly
                  | indefinitely. [Gargoyle growth]
 19341 | Lair:5   | Reached XP level 14. HP: 93/94 MP: 22/22
 20396 | Lair:6   | Identified a scroll of acquirement
 20534 | Lair:6   | Got a twisted dagger
 20534 | Lair:6   | Got a translucent ring mail
 20924 | Lair:5   | Learned a level 2 spell: Blink
 20953 | Lair:6   | Identified the +4 ring mail "Sijuixuo" {Int+3} (You found
                  | it on level 6 of the Lair of Beasts)
 20955 | Lair:6   | Acquired the ring of Gasoatu {rC+ Will+ Slay+5}
 21094 | Lair:6   | Received a gift from Okawaru
 21377 | Lair:6   | Reached skill level 1 in Translocations
 21435 | Lair:6   | Got a pair of slimy gloves
 21913 | D:12     | Reached skill level 15 in Maces & Flails
 22130 | D:12     | Identified the cursed +0 pair of gloves "Ulur" {*Slow +Inv
                  | rF+ SInv} (You found it on level 6 of the Lair of Beasts)
 22852 | D:13     | Received a gift from Okawaru
 23028 | D:13     | Identified the +9 dagger "Impslayer" {vamp, rN+ SInv} (You
                  | found it on level 6 of the Lair of Beasts)
 23132 | D:13     | Got a slimy robe
 23441 | D:13     | Found the +5 scythe "Finisher" {speed, eviscerate}
 23465 | D:13     | Reached XP level 15. HP: 90/100 MP: 22/24
 24227 | D:14     | Noticed Roxanne
 24449 | D:14     | Found a gate to the Vaults.
 24490 | D:14     | Reached skill level 10 in Shields
 24499 | D:14     | Reached skill level 10 in Armour
 24702 | D:14     | Received a gift from Okawaru
 25070 | Orc:1    | Entered Level 1 of the Orcish Mines
 25118 | Orc:1    | Found a runed translucent door.
 25124 | Orc:1    | Found the +10 tower shield of Ignorance {rN+ Int-4}
 25485 | Orc:1    | Found a runed translucent door.
 25718 | Orc:2    | Entered Level 2 of the Orcish Mines
 25725 | Orc:2    | Found a staircase to the Elven Halls.
 26081 | Orc:2    | Noticed Saint Roka
 26167 | Orc:2    | Killed Saint Roka
 26167 | Orc:2    | Received a gift from Okawaru
 26168 | Orc:2    | Reached skill level 16 in Maces & Flails
 26174 | Orc:2    | Got a brightly glowing flail {god gift}
 26381 | Orc:2    | Identified the +7 flail "Qekeab" {pain, rElec rF- rN++
                  | Stlth+} (Okawaru gifted it to you on level 2 of the Orcish
                  | Mines)
 26736 | Orc:2    | Noticed an orc warlord
 26818 | D:11     | Killed an orc warlord
 27271 | Orc:2    | Found a runed translucent gate.
 27272 | Orc:2    | Found a runed translucent gate.
 27273 | Orc:2    | Found a runed translucent gate.
 27355 | Orc:2    | Found a roughly hewn altar of Beogh.
 27355 | Orc:2    | Found Huorgh's Antique Weapon Shop.
 27358 | Orc:2    | Found Wuof's Antique Armour Boutique.
 27435 | Orc:2    | Found a roughly hewn altar of Beogh.
 27436 | Orc:2    | Found Targhoafu's Magic Scroll Shoppe.
 27580 | Orc:2    | Found a roughly hewn altar of Beogh.
 27602 | Orc:2    | Found a roughly hewn altar of Beogh.
 27829 | Orc:2    | Found a roughly hewn altar of Beogh.
 27839 | Orc:2    | Found Reureab's Distillery.
 27869 | Orc:2    | Noticed StoneSoupSpirit's ghost (journeyman DsCK)
 27900 | Orc:2    | Bought a potion of heal wounds for 70 gold pieces
 27900 | Orc:2    | Bought a potion of heal wounds for 70 gold pieces
 27900 | Orc:2    | Bought a potion of heal wounds for 70 gold pieces
 28025 | Orc:2    | Bought a scroll of blinking for 120 gold pieces
 28025 | Orc:2    | Bought a scroll of teleportation for 48 gold pieces
 28089 | Orc:2    | Killed StoneSoupSpirit's ghost
 28529 | D:14     | Found a runed translucent door.
 28529 | D:14     | Noticed Qymaymp's ghost (adept GrEE)
 28711 | D:15     | Entered Level 15 of the Dungeon
 28790 | D:15     | Reached skill level 5 in Translocations
 28866 | D:15     | Received a gift from Okawaru
 29227 | D:15     | Found a staircase to the Depths.
 29284 | D:15     | Reached XP level 16. HP: 96/107 MP: 23/25
 29414 | D:15     | Found a transporter.
 29432 | D:15     | Noticed Wiosiow's ghost (adept HaHu)
 29441 | D:15     | Found a transporter.
 29442 | D:15     | Noticed a shadow dragon
 29602 | D:15     | Noticed Jorgrun
 29936 | D:15     | Killed Jorgrun
 29937 | D:15     | Reached skill level 15 in Fighting
 30262 | Snake:1  | Entered Level 1 of the Snake Pit
 30266 | Snake:1  | Noticed Nikola
 30699 | Snake:1  | Learned a level 3 spell: Mephitic Cloud
 30848 | Snake:1  | Killed Nikola
 30937 | Snake:1  | Reached XP level 17. HP: 113/113 MP: 26/26
 31073 | Snake:1  | Received a gift from Okawaru
 31078 | Snake:1  | Noticed Azrael
 31084 | Snake:1  | Killed Azrael
 32336 | Snake:1  | Reached skill level 1 in Conjurations
 32342 | Snake:1  | Reached skill level 1 in Poison Magic
 32829 | Snake:2  | You fall into a shaft and drop 1 floor!
 32836 | Snake:3  | Reached skill level 1 in Spellcasting
 33652 | Shoals:1 | Entered Level 1 of the Shoals
 33855 | Shoals:1 | Found a frozen archway.
 33855 | Shoals:1 | Noticed Frances
 33879 | Shoals:1 | Killed Frances
 33913 | IceCv    | Entered an ice cave
 34623 | IceCv    | Reached XP level 18. HP: 75/120 MP: 27/27
 35220 | IceCv    | Noticed an Ice Fiend
 35247 | IceCv    | Killed an Ice Fiend
 35271 | IceCv    | Received a gift from Okawaru
 35276 | IceCv    | Got a slimy scale mail {god gift}
 35595 | IceCv    | Identified the +0 scale mail of Ulivek {Int+6 Dex+9 Stlth+}
                  | (Okawaru gifted it to you in an ice cave)
 35709 | Shoals:1 | Reached skill level 5 in Conjurations
 35848 | Shoals:1 | Got a brightly glowing platinum ring
 36069 | Orc:2    | Bought a scroll of identify for 32 gold pieces
 36069 | Orc:2    | Identified the cursed ring "Qedghuumu" {rF+ EV-4 Str+7}
                  | (You found it on level 1 of the Shoals)
 36295 | Shoals:1 | Acquired 904 gold pieces
 36711 | Shoals:1 | Found Jugiet's Gadget Boutique.
 36873 | Shoals:1 | Reached skill level 5 in Poison Magic
 37230 | Shoals:2 | Slain by an alligator snapping turtle

Illustrated notes

Levels and vault maps discovered:
D:1:      sevenhm_arrival_forest_fort_large_4, layout_rooms
D:2:      layout_loops_cross, nzn_wu_jian_council_hall, uniq_robin
D:3:      layout_basic
D:4:      minmay_goblin_kobold_castle, layout_basic, serial_rivers,
          chequers_serial_rivers_micro_b, chequers_serial_rivers_large_b,
          chequers_serial_rivers_small_a, chequers_serial_rivers_micro_a,
          fedhas_altar_1
D:5:      layout_basic
D:6:      kennysheep_spiral_hall, layout_loops_ring, minmay_temple_entry_mist
D:7:      layout_basic, minmay_misc_feat_tower, kennysheep_generic_room_4
D:8:      layout_gridville, ebering_ghost_reflecting_pool, minmay_door_square,
          kennysheep_generic_room_11
D:9:      layout_cave_pods, serial_shops, shop, minmay_misc_feat_columns,
          uniq_psyche
D:10:     layout_cave_pools, serial_bayou, serial_bayou_shore_a,
          serial_bayou_ford_a, serial_bayou_pond_c, serial_bayou_pond_e,
          roderic_lattice_a, hangedman_decor_slide_cut, uniq_josephine
D:11:     layout_big_octagon, lair_entry_dummy, erik_orc_3
D:12:     layout_basic, st_stairs_3, minmay_fire_ice_demons
D:13:     layout_basic, minmay_guarded_unrand_finisher
D:14:     layout_basic, skrybe_vaults_entry_preservation, gammafunk_ghost_grave,
          nrook_pool_corridor, small_statue_alley_a, uniq_roxanne
D:15:     grunt_enter_depths_magical_seal, layout_basic,
          gammafunk_ghost_berserking_beasts, uniq_jorgrun
Temple:   kilobyte_greek_temple
Lair:1:   layout_chaotic_city, minmay_lair_oklob_items,
          chequers_serial_rivers_small_b, minivault_24,
          infiniplex_staircase_pool_2, uniq_harold
Lair:2:   layout_cave_pods, gauntlet_entry_generic
Lair:3:   cheibrodos_lair_river_kwai, layout_big_grid, elwin_shoals_entry_rocks,
          nicolae_quartered_pool_medium, grunt_megastairs_2
Lair:4:   layout_cave_pods, minmay_snake_entry_guardpost_small
Lair:5:   layout_layer_cave
Lair:6:   minmay_lair_end_enchanted_forest, layout_cave_shapes, slime_dummy
Shoals:1: layout_shoals, portal_ice_cave_entry_ice_statue_two, serial_shops,
          shop, uniq_frances
Shoals:2: cheibrodos_shoals_baths, layout_shoals,
          nicolae_shoals_siren_and_animal_friends
Snake:1:  layout_honeycomb, evilmike_ambush [evilmike_ambush_outer_basic,
          evilmike_ambush_inner_pond], uniq_azrael, uniq_nikola
Snake:2:  nicolae_cobra_stairs, layout_grid_maze, grunt_ministairs_10,
          hangedman_venom_bottle
Snake:3:  layout_layer_cave
Orc:1:    layout_caves, chequers_guarded_unrand_ignorance
Orc:2:    grunt_orc_community_town_hall, layout_caves,
          grunt_orc_community_big_house_1, grunt_orc_community_big_house_2,
          grunt_orc_community_house_3, grunt_orc_community_house_3,
          grunt_orc_community_house_1, grunt_orc_community_house_2,
          grunt_orc_community_house_1, grunt_orc_community_house_3,
          gammafunk_ghost_necromancy, uniq_saint_roka

Skill      XL: |  1  2  3  4  5  6  7  8  9 10 11 12 13 14 15 16 17 18 |
---------------+-------------------------------------------------------+-----
Maces & Flails | 3 4 5 6 7 9 10 12 13 14 15 16 | 16.0
Fighting       | 4 5 6 7 8 10 11 12 13 14 15 | 15.9
Invocations    | 2 5 7 8 10 11 12 | 12.0
Armour         | 5 8 9 10 11 12 | 12.0
Shields        | 5 8 9 10 11 12 | 12.5
Translocations | 2 5 6 7 |  7.0
Air Magic      | 4 |  4.3
Conjurations   | 4 5 |  5.5
Poison Magic   | 3 5 |  5.1
Spellcasting   | 2 3 |  3.0

Action                   |  1- 3 |  4- 6 |  7- 9 | 10-12 | 13-15 | 16-18 || total
-------------------------+-------+-------+-------+-------+-------+-------++-------
Melee: Flail             |    87 |   113 |       |       |       |       ||   200
       Whip              |       |   117 |   624 |  1010 |  1622 |       ||  3373
       Unarmed           |       |     9 |       |       |       |       ||     9
       Eveningstar       |       |       |       |       |   245 |   773 ||  1018
 Cast: Blink             |       |       |       |       |       |     6 ||     6
Invok: Heroism           |       |       |     5 |    19 |    41 |    14 ||    79
       Finesse           |       |       |       |     1 |     4 |     7 ||    12
 Abil: Fly               |       |       |       |       |       |     1 ||     1
       Stop Flying       |       |       |       |       |       |     1 ||     1
Evoke: Wand              |       |       |       |     2 |     5 |     3 ||    10
  Use: Scroll            |       |       |     8 |    17 |    12 |    10 ||    47
       Potion            |       |       |     2 |       |     1 |     3 ||     6
 Stab: Paralysed         |       |       |       |     4 |       |       ||     4
Armor: Scale mail        |    67 |   121 |   209 |       |   315 |   436 ||  1148
       Skin              |       |     2 |       |       |       |       ||     2
       Plate armour      |       |       |    14 |   477 |   446 |       ||   937
Dodge: Dodged            |    40 |    67 |   121 |    85 |   334 |   197 ||   844
Block: Kite shield       |    62 |   130 |   188 |   328 |   862 |   465 ||  2035
